 Dungeon Crawl Stone Soup version 0.21.1-1-g345015f (webtiles) character file.

226 kae the Firebug (level 6, -3/35 HPs)
             Began as a Tengu Fire Elementalist on June 1, 2018.
             Slain by an orc wizard
             ... wielding a +0 dagger
              (4 damage)
             ... on level 3 of the Dungeon.
             The game lasted 00:03:55 (3920 turns).

kae the Firebug (Tengu Fire Elementalist)           Turns: 3920, Time: 00:03:56

Health: -3/35      AC:  3    Str: 13    XL:     6   Next: 1%
Magic:  1/11       EV: 13    Int: 23    God:
Gold:   129        SH:  0    Dex: 14    Spells: 4/10 levels left

rFire    . . .     SeeInvis .   d - +0 dagger
rCold    + . .     Gourm    .   (no shield)
rNeg     . . .     Faith    .   a - +0 robe
rPois    .         Spirit   .   (helmet restricted)
rElec    .         Reflect  .   o - +0 cloak
rCorr    .         Harm     .   (no gloves)
MR       .....                  (boots unavailable)
Stlth    ++........             (no amulet)
HPRegen  0.11/turn              h - ring of protection from cold
MPRegen  0.12/turn              (no ring)

@: mighty, brilliant
A: beak, talons 3, able to fly 1
a: Fly


You were on level 3 of the Dungeon.
You were not hungry.

You visited 1 branch of the dungeon, and saw 4 of its levels.

You collected 129 gold pieces.

Inventory:

Hand Weapons
 d - a +0 dagger (weapon)
 s - a +4 quarterstaff of chaos
Armour
 a - a +0 robe (worn)
 o - a +0 cloak (worn)
Jewellery
 h - a ring of protection from cold (left hand)
 p - an uncursed ring of ice {unknown}
Scrolls
 f - a scroll of enchant armour {unknown}
 i - 2 scrolls of teleportation
 l - a scroll of magic mapping {unknown}
 m - 2 scrolls of blinking {unknown}
 n - 2 scrolls of identify {unknown}
 q - a scroll of fear {unknown}
Potions
 j - a potion of might
 k - 2 potions of brilliance
 r - a potion of degeneration {unknown}
Books
 b - a book of Flames

   Spells                             Type                      Level
   a - Flame Tongue                   Conjuration/Fire             1
   b - Throw Flame                    Conjuration/Fire             2
   c - Conjure Flame                  Conjuration/Fire             3
   d - Inner Flame                    Hexes/Fire                   3
   e - Sticky Flame                   Conjuration/Fire             4
   f - Fireball                       Conjuration/Fire             5
Comestibles
 c - 9 rations
 t - 2 chunks of flesh


   Skills:
 + Level 1.8 Fighting
 + Level 3.3 Dodging
 - Level 2.0 Stealth
 + Level 2.7 Spellcasting
 + Level 3.3 Conjurations
 * Level 5.0 Fire Magic


You had 4 spell levels left.
You knew the following spells:

 Your Spells              Type           Power        Failure   Level  Hunger
a - Flame Tongue          Conj/Fire      #####        1%          1    None
b - Throw Flame           Conj/Fire      #####.       1%          2    ##.....
c - Conjure Flame         Conj/Fire      #####...     1%          3    ###....


Dungeon Overview and Level Annotations

Branches:
Dungeon (4/15)
 Temple: D:4-7

Altars:
Dithmenos
Ru
Uskayaw

Annotations:
D:3 kae's ghost, amateur GnTm


Innate Abilities, Weirdness & Mutations

You have a beak for a mouth.
You have claws for feet.
You can fly.


Message History

You barely miss something.
You hear some strange, mumbled words.
A magic dart appears from out of thin air!
The magic dart hits you!
* * * LOW HITPOINT WARNING * * *
It was a potion of flight.
You feel very buoyant.
You swoop lightly up into the air.
Something hits you.
* * * LOW HITPOINT WARNING * * *
It was a potion of cancellation.
Your magical effects are unravelling.
You feel magically purged.
You float gracefully downwards.
Something hits you but does no damage.
It was a potion of brilliance.
You feel clever all of a sudden. Something hits you but does no damage.
It was a potion of might.
You feel very mighty all of a sudden. Something hits you.
You die...

##.## ##...## ##.....########
##########
#.............##########.........
##.....######.....(....>.########
##...## ############## ##.#######
#......########
#.##....########.####(........
#.##.##...(..@{>.......#######
##.##.#######.########.## #
#...#.# #.# #.# # #...#.### #.#
#.# # ###.......#####.# #.# ###
....[..)..##....# #.# #..
..........##.##.#### #.# #.#
...................# #.# #.#
###....#.###.###.#.# #.######.#


There were no monsters in sight!

Vanquished Creatures
  Crazy Yiuf (D:3)
  An orc wizard (D:4)
  A worker ant (D:3)
  6 adders
  2 oozes
  4 dart slugs
  2 leopard geckos (D:1)
  7 orcs
  3 giant cockroaches
  5 goblins
  7 hobgoblins
  3 jackals (D:1)
  6 kobolds
  A quokka (D:3)
  5 bats
  5 frilled lizards
  11 rats
70 creatures vanquished.

Notes
Turn   | Place    | Note
-------+----------+-------------------------------------------
     0 | D:1      | kae the Tengu Fire Elementalist began the quest for the Orb.
     0 | D:1      | Reached XP level 1. HP: 10/10 MP: 4/4
    17 | D:1      | Reached XP level 2. HP: 12/15 MP: 1/6
   488 | D:1      | Reached XP level 3. HP: 20/20 MP: 5/7
  1229 | D:2      | Reached skill level 4 in Fire Magic
  1275 | D:2      | Learned a level 2 spell: Throw Flame
  1279 | D:2      | Learned a level 3 spell: Conjure Flame
  1446 | D:2      | Reached skill level 1 in Fighting
  1472 | D:2      | Reached XP level 4. HP: 16/25 MP: 0/8
  2121 | D:3      | Found a shadowy altar of Dithmenos.
  2211 | D:3      | Gained mutation: You can fly. [Tengu growth]
  2211 | D:3      | Reached XP level 5. HP: 29/29 MP: 5/9
  2387 | D:3      | Found a sacrificial altar of Ru.
  2497 | D:3      | Found a runed door.
  2896 | D:3      | Found a hide-covered altar of Uskayaw.
  3153 | D:3      | Noticed Crazy Yiuf
  3537 | D:3      | Killed Crazy Yiuf
  3574 | D:3      | Noticed kae's ghost (amateur GnTm)
  3883 | D:4      | Reached skill level 5 in Fire Magic
  3883 | D:4      | Reached XP level 6. HP: 28/35 MP: 4/11
  3917 | D:3      | HP: 1/35 [something (2)]
  3920 | D:3      | Slain by an orc wizard

Skill      XL: |  1  2  3  4  5 |
---------------+----------------+-----
Conjurations   | 2 3 |  3.3
Fire Magic     | 4 5 |  5.0
Fighting       | 1 |  1.8
Dodging        | 3 |  3.3
Stealth        | |  2.0
Spellcasting   | |  2.7

Action                   |  1- 3 |  4- 6 || total
-------------------------+-------+-------++-------
Melee: Unarmed           |     4 |       ||     4
       Kick              |    16 |     3 ||    19
       Dagger            |    50 |    20 ||    70
       Peck              |     8 |     3 ||    11
 Cast: Flame Tongue      |    36 |    83 ||   119
       Throw Flame       |       |     5 ||     5
       Conjure Flame     |       |     2 ||     2
  Use: Scroll            |     4 |       ||     4
       Potion            |       |     4 ||     4
 Stab: Sleeping          |     4 |     1 ||     5
  Eat: Chunk             |     1 |     6 ||     7
       Ration            |       |     1 ||     1
Armor: Robe              |    12 |    14 ||    26
Dodge: Dodged            |    53 |    37 ||    90
